 Dungeon Crawl Stone Soup version 0.30-b1-2-g02819fbbbe (webtiles) character file.

Game seed: 5974604211993927278

2401 nightchill the Severer (level 9, -1/78 (89) HPs)
             Began as a Hill Orc Fighter on Oct 1, 2023.
             Was a Priest of Kikubaaqudgha.
             Slain by a wight
             ... wielding a +5 long sword of freezing
              (2 damage)
             ... on level 8 of the Dungeon on Oct 2, 2023.
             The game lasted 00:15:01 (5946 turns).

nightchill the Severer (Hill Orc Fighter)           Turns: 5946, Time: 00:15:01

HP:   -1/78 (89)    AC: 11    Str: 21    XL:     9   Next: 46%
MP:   9/9           EV:  7    Int: 10    God:    Kikubaaqudgha [***...]
Gold: 305           SH:  9    Dex: 10    Spells: 8/8 levels left

rFire   + . .        a - +3 war axe
rCold   . . .        c - +0 buckler
rNeg    . . .        f - +0 chain mail
rPois   .            (no helmet)
rElec   .            i - +0 cloak
rCorr   .            m - +0 pair of gloves
SInv    .            (no boots)
Will    .....        v - amulet of reflection Stlth
                     D - ring of protection from fire
HPRegen 0.33/turn    (no ring)
MPRegen 0.11/turn

%: reflection
@: heavily drained
A: no striking features
a: Renounce Religion, Unearth Wretches


You were on level 8 of the Dungeon.
You worshipped Kikubaaqudgha.
Kikubaaqudgha was most pleased with you.
You visited 2 branches of the dungeon, and saw 9 of its levels.

You collected 305 gold pieces.

Inventory:

Hand Weapons
 a - a +3 war axe (weapon)
 u - a +0 war axe
 y - a +0 battleaxe
Missiles
 d - a throwing net (quivered)
Armour
 b - a +0 scale mail
 c - a +0 buckler (worn)
 f - a +0 chain mail (worn)
 i - a +0 cloak (worn)
 m - a +0 pair of gloves (worn)
 G - a +0 plate armour
Jewellery
 v - an amulet of reflection (around neck)
 D - a ring of protection from fire (left hand)
Wands
 s - a wand of charming (12)
 x - a wand of flame (40)
Scrolls
 e - 4 scrolls of teleportation {unknown}
 h - 2 scrolls of amnesia {unknown}
 j - 3 scrolls of enchant weapon {unknown}
 n - a scroll of poison {unknown}
 o - a scroll of acquirement {unknown}
 t - a scroll of vulnerability {unknown}
 w - 3 scrolls of fog {unknown}
 F - a scroll of fear {unknown}
 H - a scroll of immolation {unknown}
 I - a scroll of identify
Potions
 g - 2 potions of brilliance
 k - 3 potions of curing
 l - 3 potions of flight
 p - a potion of lignification {unknown}
 q - 2 potions of mutation
 r - a potion of ambrosia {unknown}
 z - 4 potions of haste
 A - a potion of magic {unknown}
 B - a potion of berserk rage {unknown}
 C - a potion of cancellation {unknown}
 E - a potion of invisibility {unknown}


   Skills:
 + Level 11.1 Fighting
 * Level 15.9 Axes
 - Level 3.2 Armour
 - Level 3.2 Shields


You had 8 spell levels left.
You didn't know any spells.
Your spell library contained the following spells:

 Spells                   Type           Power      Damage    Failure   Level
 Beastly Appendage        Tmut           0%         N/A       97%         1
 Kiss of Death            Conj/Necr      0%         2d5       97%         1
 Necrotise                Necr           0%         1d4       97%         1
 Sandblast                Erth           0%         2d4       97%         1
 Ensorcelled Hibernation  Hex/Ice        0%         N/A       99%         2
 Passwall                 Tmut/Erth      0%         N/A       99%         2
 Sublimation of Blood     Necr           0%         N/A       99%         2
 Stone Arrow              Conj/Erth      0%         3d7       100%        3
 Swiftness                Air            0%         N/A       100%        3
 Animate Dead             Necr           0%         N/A       100%        4
 Dispel Undead            Necr           0%         3d6       100%        4
 Borgnjor's Vile Clutch   Necr/Erth      0%         N/A       100%        5
 Death Channel            Necr           0%         N/A       100%        6
 Simulacrum               Ice/Necr       0%         N/A       100%        6


Dungeon Overview and Level Annotations

Branches:
Dungeon (8/15)             Temple (1/1) D:4
   Lair: D:8-11

Altars:
Ashenzari
Cheibriados
Dithmenos
Fedhas
Hepliaklqana
Kikubaaqudgha
Makhleb
Nemelex Xobeh
Okawaru
Qazlal
Ru
Sif Muna
Trog
Uskayaw
Vehumet
Wu Jian
Xom
Yredelemnul

Shops:
D:2 =   D:5 *


Message History

The wight is moderately damaged.
The wight hits you but does no damage.
A wight comes into view. It is wielding a +3 trident.
You slash the wight!
You destroy the wight!
Kikubaaqudgha accepts your kill.
Your life force feels restored.
The wight hits you from afar with a +3 trident.
The wight hits you with a +5 long sword of freezing.
The wight freezes you.
Items here: )) [[.
You closely miss the wight.
The wight hits you from afar with a +3 trident.
You feel drained.
The wight hits you with a +5 long sword of freezing!
You feel drained. The wight freezes you.
You are too injured to fight recklessly!
The wight attacks as you move away!
The wight hits you with a +5 long sword of freezing!
You feel drained.
* * * LOW HITPOINT WARNING * * *
The wight freezes you.
* * * LOW HITPOINT WARNING * * *
You hit the wight but do no damage.
The wight hits you from afar with a +3 trident!
* * * LOW HITPOINT WARNING * * *
You block the wight's attack. The wight attacks as you move away!
The wight hits you with a +5 long sword of freezing!
* * * LOW HITPOINT WARNING * * *
You feel drained.
* * * LOW HITPOINT WARNING * * *
The wight freezes you.
* * * LOW HITPOINT WARNING * * *
The wight attacks as you move away!
The wight hits you with a +5 long sword of freezing!
* * * LOW HITPOINT WARNING * * *
You feel drained.
You die...
Kikubaaqudgha rasps: "You have failed me!
Welcome... death!"

.......... #..
#....#.# ##...
##.....###8..##
####.......#.....##
.###.....z#.##8......#
...>.....##.##.......#
##.#.###.##.#.........
#. .. #z###..#.....(#
#.###+#####@# ##..#
+#.........#.# ##z###
...........#.# ##..#
...........#.# ##.#
#........'.# #.#
#........### #.##
#........# #z.#
##....##.# ##..#
#....##.# ##.#.#


You could see 2 wights.

Vanquished Creatures
  A water moccasin (D:5)
  2 sky beasts
  2 orc warriors (D:7)
  An ogre (D:5)
  5 bullfrogs
  A kobold brigand (D:7)
  A gnoll sergeant (D:7)
  3 scorpions
  2 wights (D:8)
  A jelly (D:6)
  3 hounds
  5 orc priests
  A gnoll bouda (D:6)
  4 sleepcaps
  4 iguanas
  4 orc wizards
  11 gnolls
  9 adders
  A white imp (D:6)
  4 ufetubi
  4 worms
  7 dart slugs
  25 orcs
  6 bats
  4 endoplasms
  3 giant cockroaches
  7 goblins
  11 hobgoblins
  7 jackals
  6 quokkas
  9 ball pythons
  3 frilled lizards
  12 kobolds
  8 rats
177 creatures vanquished.

Notes
Turn   | Place    | Note
-------+----------+-------------------------------------------
     0 | D:1      | nightchill the Hill Orc Fighter began the quest for the
                  | Orb.
     0 | D:1      | Reached XP level 1. HP: 19/19 MP: 1/1
    77 | D:1      | Reached skill level 3 in Axes
   104 | D:1      | Reached XP level 2. HP: 24/27 MP: 2/2
   268 | D:1      | Reached skill level 4 in Axes
   282 | D:1      | Reached XP level 3. HP: 27/33 MP: 3/3
  1051 | D:2      | Reached XP level 4. HP: 41/41 MP: 4/4
  1056 | D:2      | Reached skill level 5 in Axes
  1235 | D:2      | Found an ancient bone altar of Kikubaaqudgha.
  1244 | D:2      | Became a worshipper of Kikubaaqudgha
  1305 | D:2      | Found Kumn's Jewellery Shop.
  1366 | D:2      | Found a faded altar of an unknown god.
  1817 | D:3      | Reached XP level 5. HP: 42/47 MP: 5/5
  2128 | D:3      | Reached * piety under Kikubaaqudgha
  2128 | D:3      | Received a gift from Kikubaaqudgha
  2327 | D:3      | Reached skill level 6 in Axes
  2447 | D:3      | Reached skill level 13 in Axes
  2447 | D:3      | Reached XP level 6. HP: 66/66 MP: 6/6
  2464 | D:4      | Found an ancient bone altar of Kikubaaqudgha.
  2485 | D:4      | Found a shimmering blue altar of Sif Muna.
  2486 | D:4      | Found a radiant altar of Vehumet.
  2492 | D:4      | Got Sif Muna's Incunable of Changes
  2530 | D:4      | Reached skill level 14 in Axes
  2743 | D:4      | Found a staircase to the Ecumenical Temple.
  2752 | Temple   | Entered the Ecumenical Temple
  2816 | D:4      | Found an iron altar of Okawaru.
  2921 | D:4      | Found a blossoming altar of Fedhas.
  3042 | D:5      | Entered Level 5 of the Dungeon
  3094 | D:5      | Reached XP level 7. HP: 71/71 MP: 7/7
  3115 | D:5      | Found Enoamuyf's Gadget Gallery.
  3242 | D:5      | Reached skill level 10 in Fighting
  3435 | D:5      | Reached ** piety under Kikubaaqudgha
  3496 | D:5      | Reached XP level 8. HP: 79/79 MP: 8/8
  3498 | D:5      | Found an ornate altar of the Wu Jian Council.
  3895 | D:6      | Found a snail-covered altar of Cheibriados.
  3908 | D:6      | Found a sacrificial altar of Ru.
  4007 | D:6      | Reached skill level 15 in Axes
  4759 | D:7      | Reached XP level 9. HP: 83/86 MP: 9/9
  4803 | D:6      | Reached *** piety under Kikubaaqudgha
  4803 | D:6      | Received a gift from Kikubaaqudgha
  5054 | D:7      | Found a broken altar of Ashenzari.
  5701 | D:7      | Found a hazy altar of Hepliaklqana.
  5946 | D:8      | HP: 1/80 [wight/+5 long sword of freezing (9)]
  5946 | D:8      | Slain by a wight

Illustrated notes

Levels and vault maps discovered:
D:1:      kennysheep_arrival_seaside, layout_rooms, hangedman_feature_mirror,
          st_stairs_4, chequers_decorated_corner
D:2:      layout_loops_ring, chequers_ecumenical_altar_grove, serial_shops,
          nicolae_shop_real_fake_doors, basic_altar
D:3:      layout_loops_ring
D:4:      layout_rooms, grunt_temple_overflow_magic_moments,
          fedhas_altar_fruit_tree, okawaru_gym_becter,
          minmay_temple_entry_statues, serial_curves, eino_curves_02,
          eino_curves_01
D:5:      layout_loops_ring, pf_just_have_faith, nicolae_shop_gadgets
D:6:      layout_gridville, nicolae_overflow_crystal_walls,
          kennysheep_slug_shrine, minmay_misc_feat_encased
D:7:      layout_basic, nicolae_ashenzari_panopticon,
          mainiacjoe_overflow_alcove_2
D:8:      hellmonk_crumbling_castle, layout_basic,
          mainiacjoe_overflow_surrounded_room
Temple:   hellmonk_temple_two_chambers

Skill      XL: |  1  2  3  4  5  6  7  8  9 |
---------------+----------------------------+-----
Axes           | 3 4 5 13 14 15 | 15.9
Fighting       | 4 9 10 11 | 11.1
Armour         | |  3.2
Shields        | |  3.2

Action                     |  1- 3 |  4- 6 |  7- 9 || total
---------------------------+-------+-------+-------++-------
  Melee: War axe           |   110 |   178 |   213 ||   501
    Use: Scroll            |       |     4 |     2 ||     6
         Potion            |       |     1 |     1 ||     2
 Armour: Scale mail        |    66 |    57 |       ||   123
         Chain mail        |       |       |    68 ||    68
  Dodge: Dodged            |    67 |    80 |    46 ||   193
  Block: Buckler           |    28 |    38 |    76 ||   142
         Reflection        |       |       |     4 ||     4
